Map: Submarine LE

Players

Spatz

  • Race: Protoss Protoss
  • League: Master
  • Spawn Location: 11:00

Arctur - Winner!

  • Race: Terran Terran
  • Spawn Location: 5:00

Event: DreamHack SC2 Masters 2020 Summer Europe

VOD

Have the link to the VOD?

Description

Time

  • Played on: July 1, 2020, 10:17 a.m.
  • Length: 14:41

All games in this series

Show
View Real Time Build Order
Export as new Build Order

Spatz Protoss 

Build Orders: Blink Stalkers 

Get SALT Encoding   

  12  0:00  Probe  
  13  0:13  Probe  
  14  0:17  Pylon  
  14  0:23  Probe  
  15  0:31  Probe  
  16  0:36  Gateway  
  16  0:39  Probe  
  16  0:45  Assimilator  
  17  0:51  Probe  
  18  0:58  Assimilator  
  18  1:03  Probe  
  19  1:15  Probe  
  20  1:21  Pylon  
  20  1:24  Cybernetics Core  
  20  1:27  Probe  
  21  1:43  Probe  
  22  1:47  Pylon  
  22  1:50  Adept  
  22  1:55  Probe  
  22  2:01  Warp Gate  
  25  2:04  Twilight Council  
  25  2:13  Adept  
  25  2:18  Nexus  
  25  2:27  Probe  
  28  2:30  Blink  
  30  2:49  Probe  
  31  3:00  Pylon  
  31  3:03  Probe  
  30  3:10  Gateway  
  30  3:15  Probe  
  30  3:16  Gateway  
  30  3:23  Robotics Facility  
  30  3:27  Probe  
  30  3:28  Probe  
  32  3:36  Probe  
  32  3:39  Probe  
  34  3:45  Probe  
  34  3:49  Stalker  
  34  3:52  Probe  
  38  3:57  Probe  
  39  4:04  Probe  
  39  4:06  Warp Prism  
  39  4:07  Stalker  
  42  4:12  Stalker  
  46  4:23  Stalker  
  48  4:29  Probe x2  
  50  4:32  Stalker  
  50  4:35  Pylon  
  52  4:42  Pylon  
  52  4:46  Stalker  
  54  4:53  Probe  
  54  4:54  Probe, Observer  
  54  4:59  Stalker x2  
  60  5:08  Observer  
  60  5:11  Stalker  
  56  5:29  Stalker x2  
  59  5:46  Observer  
  54  5:53  Stalker x3  
  54  5:57  Probe  
  61  5:59  Pylon  
  61  6:00  Pylon  
  61  6:03  Shield Battery  
  59  6:08  Probe  
  58  6:12  Probe  
  58  6:16  Stalker x3  
  61  6:20  Probe  
  62  6:31  Probe  
  55  6:35  Probe  
  56  6:41  Stalker  
  56  6:42  Probe, Stalker x2  
  56  6:44  Probe  
  62  6:50  Probe  
  62  6:52  Probe  
  64  6:58  Probe  
  64  7:00  Pylon  
  65  7:05  Assimilator  
  66  7:09  Observer  
  66  7:11  Stalker x2  
  66  7:12  Stalker  
  72  7:17  Probe  
  73  7:29  Probe  
  74  7:32  Probe  
  75  7:43  Probe, Observer  
  74  7:44  Stalker  
  74  7:45  Stalker x2, Observer  
  80  7:53  Probe  
  80  7:58  Nexus  
  81  8:02  Pylon  
  81  8:04  Probe  
  82  8:09  Probe, Robotics Bay  
  83  8:12  Assimilator  
  83  8:16  Charge  
  77  8:26  Probe  
  78  8:28  Stalker x3  
  78  8:29  Probe  
  78  8:32  Immortal  
  84  8:46  Gateway  
  84  8:47  Probe  
  89  8:48  Gateway  
  89  8:50  Probe  
  90  8:56  Sentry, Zealot  
  90  8:58  Zealot  
  90  9:02  Pylon  
  96  9:03  Observer  
  96  9:05  Colossus  
  96  9:07  Observer  
  102  9:17  Shield Battery  
  102  9:23  Forge  
  102  9:26  Probe  
  102  9:27  Probe  
  104  9:35  Probe, Sentry x2  
  104  9:36  Zealot  
  111  9:40  Probe  
  111  9:41  Zealot  
  114  9:49  Zealot  
  114  9:51  Gateway  
  114  9:52  Protoss Ground Armor Level 1  
  116  9:57  Zealot  
  116  9:58  Zealot x2  
  120  10:02  Pylon  
  113  10:18  Stalker x4  
  106  10:23  Probe  
  106  10:25  Zealot  
  98  10:29  Probe  
  97  10:43  Zealot x3  
  97  10:44  Zealot  
  101  10:52  Colossus  
  101  10:53  Probe  
  101  10:56  Probe  
  85  11:01  Probe x2  
  91  11:08  Probe  
  91  11:09  Probe  
  94  11:14  Extended Thermal Lance  
  94  11:16  Probe  
  95  11:20  Probe  
  95  11:21  Probe, Sentry x2  
  102  11:28  Probe  
  103  11:42  Zealot  
  103  11:43  Zealot x3  
  111  11:48  Zealot x2  
  115  11:55  Probe  
  115  11:57  Templar Archives  
  115  11:59  Protoss Ground Armor Level 2  
  116  12:06  Zealot x4  
  124  12:09  Archon x3  
  124  12:14  Probe x2  
  126  12:16  Pylon  
  112  12:32  Zealot x2  
  112  12:33  Zealot x4  
  98  12:43  Probe  
  77  12:45  Probe  
  77  12:48  Disruptor  
  72  12:54  Stalker x6  
  77  13:00  Probe  
  77  13:01  Probe  
  77  13:05  Probe  
  78  13:12  Probe  
  79  13:13  Probe  
  79  13:15  Assimilator  
  80  13:22  Sentry x2  
  80  13:23  Zealot x4  
  80  13:24  Probe  
  93  13:31  Probe  
  94  13:34  Observer  
  92  13:42  Probe  
  92  13:46  Disruptor  
  92  13:47  Zealot x6  
  108  13:53  Shield Battery  
  108  14:00  Pylon  
  106  14:11  Stalker x2  
  106  14:12  Stalker x3  
  103  14:26  Probe  
  99  14:31  Zealot  
  99  14:35  Zealot x5  
Show
View Real Time Build Order
Export as new Build Order

Arctur Terran - Winner!

Build Orders: Reaper Expand, Banshee Rush 

Get SALT Encoding   

  12  0:00  SCV  
  13  0:12  SCV  
  14  0:17  Supply Depot  
  14  0:25  SCV  
  15  0:38  SCV  
  15  0:39  Barracks  
  16  0:44  Refinery  
  16  0:50  SCV  
  17  1:02  SCV  
  18  1:14  SCV  
  19  1:27  Reaper, Orbital Command  
  20  1:50  Command Center  
  20  1:54  SCV  
  21  1:55  Supply Depot  
  21  1:59  Marine  
  22  2:07  SCV  
  23  2:12  Factory  
  23  2:21  Bunker  
  23  2:23  Barracks Reactor  
  23  2:25  SCV  
  24  2:31  Refinery  
  24  2:37  SCV  
  25  2:49  SCV  
  26  2:58  Starport  
  26  3:01  SCV  
  26  3:03  Orbital Command  
  26  3:04  Marine x2  
  29  3:05  Factory Tech Lab  
  29  3:13  SCV  
  29  3:20  Orbital Command  
  29  3:22  Marine x2  
  29  3:25  SCV  
  32  3:34  Factory Tech Lab  
  32  3:37  SCV  
  32  3:40  Marine x2  
  35  3:41  Bunker  
  35  3:44  Cloaking Field  
  35  3:46  Banshee  
  38  3:50  SCV  
  38  3:51  SCV  
  40  3:58  Marine x2  
  41  4:06  Supply Depot  
  41  4:07  SCV x2  
  43  4:10  Siege Tank  
  45  4:17  Marine  
  45  4:20  SCV  
  46  4:27  Supply Depot  
  46  4:28  SCV, Marine  
  48  4:32  SCV  
  48  4:38  Marine  
  49  4:40  SCV  
  49  4:42  Siege Tank  
  54  4:47  Engineering Bay  
  54  4:48  SCV  
  54  4:51  Marine  
  54  4:52  SCV  
  57  4:56  Supply Depot, Marine  
  58  5:01  Banshee  
  58  5:03  SCV  
  62  5:15  Barracks  
  62  5:17  SCV  
  62  5:18  SCV  
  62  5:20  Missile Turret  
  64  5:27  Barracks  
  64  5:30  SCV  
  64  5:33  SCV  
  64  5:34  Marine x2  
  69  5:44  Banshee  
  66  5:50  Siege Tank  
  66  5:52  SCV  
  66  5:53  SCV  
  64  6:04  SCV  
  64  6:07  SCV  
  64  6:10  Marine x2  
  64  6:11  Marine  
  67  6:15  Marine  
  63  6:30  Marine x2, Banshee  
  65  6:33  SCV x2  
  65  6:39  Refinery x2, Marine x2  
  68  6:48  Marine x2  
  70  6:58  Supply Depot  
  70  6:59  SCV x2, Supply Depot, Marine  
  74  7:05  Marine, Siege Tank  
  77  7:10  Supply Depot  
  77  7:11  SCV, Supply Depot  
  78  7:20  SCV, Marine x2  
  80  7:23  SCV, Marine  
  80  7:29  Supply Depot  
  79  7:32  SCV  
  79  7:35  SCV  
  77  7:42  Siege Tank  
  77  7:44  SCV, Marauder, Marine  
  81  7:55  Stimpack  
  81  7:56  Barracks Tech Lab  
  81  7:57  Starport Reactor  
  81  7:58  SCV  
  84  8:05  Marauder  
  84  8:14  Supply Depot  
  84  8:15  Terran Infantry Weapons Level 1  
  84  8:17  Supply Depot  
  81  8:22  Marine  
  81  8:23  Marauder  
  83  8:28  Marauder, Marine  
  84  8:36  Refinery  
  84  8:38  Supply Depot  
  84  8:39  Combat Shield  
  84  8:40  Marine  
  82  8:41  Supply Depot  
  82  8:43  Command Center  
  82  8:44  Marauder  
  82  8:45  Supply Depot  
  82  8:46  Marine  
  85  8:50  Marauder  
  85  8:52  Medivac  
  85  8:53  SCV x2  
  91  8:58  Marine  
  91  9:01  Supply Depot  
  92  9:03  Medivac  
  92  9:04  Supply Depot, Marine  
  95  9:12  Barracks  
  95  9:13  Barracks  
  95  9:14  Marauder  
  97  9:20  Supply Depot  
  97  9:26  Marauder, Marine  
  97  9:27  Marine  
  97  9:31  Siege Tank  
  104  9:35  Concussive Shells, Supply Depot  
  104  9:37  Marine  
  105  9:44  Marine x2  
  107  9:48  Marauder  
  108  9:55  Marauder  
  108  9:56  Medivac x2  
  113  10:04  Orbital Command  
  112  10:09  Marauder, Marine  
  113  10:15  Marine  
  113  10:17  Marauder  
  113  10:20  Marine  
  111  10:26  Medivac  
  111  10:27  Barracks Reactor, Marine  
  107  10:31  Marauder  
  107  10:34  Marine  
  105  10:37  Medivac  
  105  10:38  Marauder  
  103  10:45  Barracks Tech Lab  
  103  10:48  Terran Infantry Armor Level 1  
  103  10:49  Siege Tank  
  105  10:56  SCV x2  
  92  10:57  Marine  
  92  10:59  Marauder  
  92  11:00  SCV  
  92  11:02  Marine  
  97  11:04  Marine  
  97  11:05  Marine  
  97  11:06  Viking  
  97  11:08  Viking  
  101  11:12  Marine  
  101  11:13  Marine  
  101  11:15  Orbital Command  
  103  11:21  Marauder, Marine, Siege Tank  
  103  11:24  Marine  
  110  11:25  Marine  
  110  11:31  SCV, Marauder  
  110  11:32  SCV, Marauder  
  113  11:33  Marine  
  113  11:39  Marine  
  112  11:40  SCV  
  112  11:42  Marauder, Marine  
  112  11:43  SCV  
  112  11:46  SCV, Refinery, Marine  
  117  11:52  Marauder  
  119  11:54  Marine  
  119  11:55  Marauder  
  119  11:57  Marine  
  119  11:59  Siege Tank  
  126  12:05  Viking  
  126  12:07  Viking  
  130  12:12  Supply Depot, Marine  
  130  12:13  Marine  
  132  12:19  Marauder, Marine  
  132  12:20  Marine  
  132  12:22  Marine  
  125  12:32  Siege Tank  
  98  12:37  Marauder, Marine  
  98  12:38  Marine x3  
  98  12:40  Marauder x2  
  86  12:45  SCV  
  84  12:51  SCV  
  84  12:52  SCV  
  84  12:55  Marine  
  84  12:56  Marine  
  84  12:57  SCV, Marine  
  86  12:59  Marauder  
  86  13:02  Marauder  
  86  13:03  SCV  
  86  13:04  SCV  
  92  13:07  Marauder  
  92  13:09  SCV  
  95  13:13  Marine  
  96  13:20  Marauder  
  96  13:21  Marine x2  
  96  13:23  Marauder  
  96  13:24  Marine  
  103  13:28  Marauder  
  103  13:31  Marine  
  106  13:40  Marine x2  
  108  13:41  Marauder, Marine  
  108  13:44  Marauder  
  108  13:47  Liberator  
  116  13:49  Marine  
  116  13:50  Marauder, Liberator  
  122  13:56  Siege Tank  
  122  13:58  Marine x2  
  122  13:59  Marine  
  128  14:03  Marauder  
  128  14:10  Marine  
  128  14:11  Marauder  
  128  14:12  Marauder  
  128  14:16  Marine  
  134  14:18  Marine  
  134  14:21  SCV  
Tags
 
Add a new tag
Caveats
  • Supply blocks, unpowered buildings, or Contaminate may cause inaccurate times.
  • Supply counts are checked every 10 seconds.